 Dungeon Crawl Stone Soup version 0.30-a0-1114-gd936c97349 (webtiles) character file.

Game seed: 9203852579336936070

142 bande the Covered (level 5, -15/33 HPs)
             Began as a Gargoyle Fighter on Apr 20, 2023.
             Demolished by a snapping turtle (glowing shapeshifter) (20 damage)
             ... on level 3 of the Dungeon on Apr 21, 2023.
             The game lasted 00:05:10 (2180 turns).

bande the Covered (Gargoyle Fighter)                Turns: 2180, Time: 00:05:10

Health: -15/33     AC: 16    Str: 20    XL:     5   Next: 25%
Magic:  5/5        EV:  7    Int:  8    God:
Gold:   176        SH:  4    Dex: 11    Spells: 4/4 levels left

rFire   . . .      SeeInvis .    a - +1 war axe (chaos)
rCold   . . .      Faith    .    c - +0 buckler
rNeg    + . .      Spirit   .    e - +0 chain mail
rPois   ∞          Reflect  .    (no helmet)
rElec   +          Rampage  .    (no cloak)
rCorr   .                        i - +2 pair of gloves
Will    .....                    (no boots) Stlth
                                 (no amulet)
HPRegen 0.25/turn                (no ring)
MPRegen 0.09/turn                (no ring)

@: no status effects
A: sickness immunity, AC +4, negative energy resistance 1, electricity
resistance, torment resistance 1, petrification resistance
a: no special abilities


You were on level 3 of the Dungeon.
You visited 1 branch of the dungeon, and saw 3 of its levels.

You collected 176 gold pieces.

Inventory:

Hand Weapons
 a - a +1 war axe of chaos (weapon)
Missiles
 k - a throwing net (quivered)
Armour
 c - a +0 buckler (worn)
 e - a +0 chain mail (worn)
 i - a +2 pair of gloves (worn)
Scrolls
 f - 4 scrolls of teleportation
 h - 2 scrolls of enchant weapon
 l - a scroll of acquirement {unknown}
Potions
 b - a potion of degeneration {unknown}
 d - a potion of might
 g - a potion of heal wounds {unknown}
 j - a potion of curing {unknown}
 o - a potion of haste


   Skills:
 + Level 3.9 Fighting
 + Level 3.5 Axes
 + Level 4.2 Armour
 + Level 3.8 Shields


You had 4 spell levels left.
You didn't know any spells.
Your spell library was empty.

Dungeon Overview and Level Annotations

Branches:
Dungeon (3/15)

Altars:


Innate Abilities, Weirdness & Mutations

You are immune to sickness and miasma.
Your stone body is resilient. (AC +4)
You are immune to poison.
You resist negative energy. (rN+)
You are resistant to electric shocks. (rElec)
You are resistant to unholy torment.
You are immune to petrification.


Message History

l - a scroll labelled JIONWO VUNEO An endoplasm comes into view.
The endoplasm quivers.
The endoplasm freezes you.
You are frozen.
You hit the endoplasm but do no damage.
The endoplasm changes into a glowing shapeshifter!
The glowing shapeshifter changes into a shining eye!
You hit the shining eye.
The shining eye is lightly wounded.
The shining eye changes into a slime creature!
You slash the slime creature!
The slime creature suddenly seems more resistant.
The slime creature is lightly wounded.
The slime creature changes into a faun!
You slash the faun!
Space warps around the faun.
The faun is heavily wounded.
The faun hits you!
A faun is nearby!
You are too injured to fight recklessly!
You slash the faun! You freeze the faun.
The faun is severely wounded.
The faun changes into a snapping turtle!
You hit the snapping turtle.
The snapping turtle is poisoned.
The snapping turtle is lightly wounded.
You block the snapping turtle's attack.
You hit the snapping turtle but do no damage.
The snapping turtle is lightly wounded.
The snapping turtle bites you but does no damage.
You hit the snapping turtle but do no damage.
The snapping turtle looks as sick as possible!
The snapping turtle is lightly wounded.
The snapping turtle bites you!
* * * LOW HITPOINT WARNING * * *
You block the snapping turtle's attack.
You hit the snapping turtle.
The snapping turtle is lightly wounded.
The snapping turtle bites you!!
Ouch! That really hurt!
You die...

#.#..#.#.#........#.#
#.#..#.....#.####.#.#
#[#..#...#.#.# #.#.#
#.#..#..†#.#.####.#.##
#.#.<..>..............
#.######.#.######.#.##
#...)....#........#.##
#####################...
#.....t@..............##
#.#############...###.#
#...# #.# #...# #.#
#...# #.# ##### #.# #.#
#.# ##### #.#


You could see a snapping turtle shaped shifter (extremely poisoned).

Vanquished Creatures
  A hound (D:2)
  6 adders
  3 worms
  A dart slug (D:3)
  6 orcs (D:3)
  3 endoplasms
  2 giant cockroaches
  5 goblins
  5 hobgoblins
  3 kobolds
  4 ball pythons
  6 frilled lizards
  A rat (D:2)
46 creatures vanquished.

Notes
Turn   | Place    | Note
-------+----------+-------------------------------------------
     0 | D:1      | bande the Gargoyle Fighter began the quest for the Orb.
     0 | D:1      | Reached XP level 1. HP: 14/14 MP: 1/1
   426 | D:1      | Reached XP level 2. HP: 19/19 MP: 2/2
   723 | D:2      | Reached XP level 3. HP: 18/24 MP: 3/3
   965 | D:2      | Identified the +7 falchion "Joppuw" {freeze, rC++ rCorr
                  | Str-2 Int+3}
  1033 | D:2      | Reached XP level 4. HP: 23/29 MP: 4/4
  1170 | D:2      | Reached skill level 4 in Armour
  1873 | D:3      | Reached XP level 5. HP: 33/33 MP: 5/5
  2102 | D:3      | Identified the +1 robe "Wehoon" {rElec Dex-4 Archmagi}
  2172 | D:3      | an endoplasm changed into a glowing shapeshifter
  2172 | D:3      | Noticed a glowing shapeshifter (glowing shapeshifter)
  2172 | D:3      | a glowing shapeshifter changed into a shining eye
  2172 | D:3      | Noticed a shining eye (glowing shapeshifter)
  2173 | D:3      | a shining eye changed into a slime creature
  2173 | D:3      | Noticed a slime creature (glowing shapeshifter)
  2174 | D:3      | a slime creature changed into a faun
  2174 | D:3      | Noticed a faun (glowing shapeshifter)
  2176 | D:3      | a faun changed into a snapping turtle
  2176 | D:3      | Noticed a snapping turtle (glowing shapeshifter)
  2180 | D:3      | Demolished by a snapping turtle (glowing shapeshifter)

Illustrated notes

Levels and vault maps discovered:
D:1:      minmay_arrival_doors, layout_loops_ring
D:2:      layout_loops_ring, chequers_avenue
D:3:      layout_basic, tso_altar

Skill      XL: |  1  2  3  4 |
---------------+-------------+-----
Axes           | 2 3 |  3.5
Armour         | 4 |  4.2
Fighting       | |  3.9
Shields        | |  3.8

Action                     |  1- 3 |  4- 6 || total
---------------------------+-------+-------++-------
  Melee: War axe           |    69 |    90 ||   159
    Use: Scroll            |       |    10 ||    10
   Stab: Paralysed         |       |     1 ||     1
 Armour: Chain mail        |    37 |    61 ||    98
         Scale mail        |     1 |       ||     1
  Dodge: Dodged            |    21 |    35 ||    56
  Block: Buckler           |    15 |    21 ||    36

Table legend: (Time is in decaauts)
 A = Elapsed time spent in this place.
 B = Non-inter-level travel time spent in this place.
 C = Inter-level travel time spent in this place.
 D = Time resting spent in this place.
 E = Time spent auto-exploring this place.
 F = Levels seen in this place.
 G = Mean time per level.
                   A        B        C        D        E       F      G
               +--------+--------+--------+--------+--------+-----+--------+
         Total |   2244 |   2175 |     69 |    144 |   1586 |   3 |  748.0 |
       Dungeon |   2244 |   2175 |     69 |    144 |   1586 |   3 |  748.0 |
               +--------+--------+--------+--------+--------+-----+--------+

Top non-repeatable levels by time:
     D:2: 923 daAuts
     D:1: 721 daAuts
     D:3: 600 daAuts
